 Dungeon Crawl Stone Soup version 0.19.0-19-g8c6edcc (webtiles) character file.

310 inmateoo the Sneak (level 6, -3/27 HPs)
             Began as a Felid Transmuter on Nov 13, 2016.
             Slain by a sky beast (6 damage)
             ... on level 5 of the Dungeon.
             The game lasted 00:08:41 (5125 turns).

inmateoo the Sneak (Felid Transmuter)               Turns: 5125, Time: 00:08:41

Health: -3/27      AC:  2    Str:  7    XL:     6   Next: 17%
Magic:  6/10       EV: 23    Int: 14    God:
Gold:   189        SH:  0    Dex: 23    Spells: 3 memorised, 4 levels left
                                        Lives:  0   Deaths: 1

rFire  . . .     SeeInvis +       - Unarmed
rCold  + . .     Gourm    .     (armour unavailable)
rNeg   . . .     Faith    .     (shield unavailable)
rPois  x         Spirit   .     (helmet unavailable)
rElec  .         Reflect  .     (cloak unavailable)
rCorr  .         Harm     .     (gloves unavailable)
MR     .....                    (boots unavailable)
Stlth  ++........               (no amulet)
                                e - ring of loudness (curse)
                                i - ring of protection from cold

@: spider-form
A: no armour, no weapons or thrown items, stealth, (claws 0), (fangs 0), see
invisible, carnivore 3, (speed 0), (shaggy fur 0), slow metabolism 1, (sharp
paws)
a: End Transformation


You were on level 5 of the Dungeon.
You were very full.
You were a venomous arachnid creature.
You visited 1 branch of the dungeon, and saw 5 of its levels.

You collected 189 gold pieces.

Inventory:

Missiles
 a - 41 arrows
Jewellery
 e - a cursed ring of loudness (right front leg)
 i - a ring of protection from cold (left front leg)
Wands
 h - a wand of iceblast (12/15)
Scrolls
 g - 2 scrolls of teleportation
Potions
 d - a potion of cancellation
 f - a potion of haste
 j - a potion of brilliance
 m - a potion of curing {unknown}
 n - a potion of degeneration {unknown}
 o - a potion of mutation {unknown}
Books
 b - a book of Changes

   Spells                             Type                      Level
   a - Beastly Appendage              Transmutation                1
   b - Sticks to Snakes               Transmutation                2
   c - Spider Form                    Transmutation/Poison         3
   d - Ice Form                       Ice/Transmutation            4
   e - Blade Hands                    Transmutation                5
Comestibles
 c - 3 meat rations
 k - a beef jerky
 l - a slice of pizza


   Skills:
 + Level 2.4 Fighting
 + Level 4.0 Dodging
 * Level 4.5 Stealth
 * Level 4.3 Unarmed Combat
 + Level 2.5 Spellcasting
 * Level 4.2 Transmutations


You had 4 spell levels left.
You knew the following spells:

 Your Spells              Type           Power        Failure   Level  Hunger
a - Beastly Appendage     Tmut           ##....       14%         1    #......
b - Sticks to Snakes      Tmut           ##......     24%         2    ###....
c - Spider Form           Tmut/Pois      #.........   52%         3    ###....


Dungeon Overview and Level Annotations

Branches:
Dungeon (5/15)
 Temple: D:4-7

Altars:

Annotations:
D:3 zkyp's ghost, amateur TeHu


Innate Abilities, Weirdness & Mutations

You cannot wear armour.
You are incapable of wielding weapons or throwing items.
Your paws allow you to move quietly. (Stealth)
((You have sharp claws.))
((You have razor-sharp teeth.))
You have supernaturally acute eyesight. (SInv)
You are carnivorous and can eat meat at any time.
((You cover ground quickly.))
((You are covered in thick fur. (AC +2)))
You have a slow metabolism.
((Your sharp claws are effective at attacking unaware monsters.))


Message History

Your ball python misses the sky beast.
Unknown command.
You hit the sky beast.
The sky beast is poisoned.
The sky beast is lightly wounded.
Your ball python closely misses the sky beast.
The sky beast hits you. The sky beast shocks you.
* * * LOW HITPOINT WARNING * * *
Unknown command.
Your ball python bites the sky beast but does no damage.
Unknown command.
Your ball python bites the sky beast.
Your ball python closely misses the sky beast.
Unknown command.
You hit the sky beast.
The sky beast looks as sick as possible!
The sky beast is severely wounded.
The sky beast hits you.
* * * LOW HITPOINT WARNING * * *
The sky beast shocks you.
You die...

#Z..#.#...)............
###...#.#####..#######...
.....#...(.#..#.....#...
#...#####.#..#.###.#...
####.......#.#..#.# #.#...
#..........#.#..#.# #.#...
####................)# #.....
.....................# #.....
#.#.#.....SYs........###.....
.......................<.....
#.#.#..#####.#######.........
....... #.# #.........
#.#.#.# #.# #......... ......
#.# #......... ###.## ####.#
#......... #. $....###
#......... #########.........


You could see a sky beast and a friendly ball python.

Vanquished Creatures
  A black bear (D:5)
  A phantom (D:5)
  A hound (D:3)
  A gnoll shaman (D:4)
  An orc priest (D:3)
  Jessica (D:2)
  Terence (D:2)
  3 adders
  An ooze (D:3)
  2 worms (D:2)
  A dart slug (D:3)
  A leopard gecko (D:2)
  8 orcs
  10 bats
  7 giant cockroaches
  7 goblins
  12 hobgoblins
  3 jackals
  3 quokkas
  3 frilled lizards
  6 kobolds
  9 rats
  A fungus (D:1)
84 creatures vanquished.

Notes
Turn   | Place    | Note
-------+----------+-------------------------------------------
     0 | D:1      | inmateoo the Felid Transmuter began the quest for the Orb.
     0 | D:1      | Reached XP level 1. HP: 9/9 MP: 4/4
   342 | D:1      | Reached XP level 2. HP: 12/12 MP: 4/6
   349 | D:1      | Learned a level 2 spell: Sticks to Snakes
   809 | D:1      | Reached skill level 1 in Stealth
  1166 | D:2      | Noticed Jessica
  1177 | D:2      | Killed Jessica
  1177 | D:2      | Reached XP level 3. HP: 15/15 MP: 5/7
  1429 | D:2      | Noticed Terence
  1492 | D:2      | Killed Terence
  1492 | D:2      | Reached XP level 4. HP: 8/19 MP: 2/8
  1718 | D:2      | Learned a level 3 spell: Spider Form
  2328 | D:3      | Noticed zkyp's ghost (amateur TeHu)
  2955 | D:3      | Reached XP level 5. HP: 4/22 MP: 6/9
  4305 | D:3      | Killed from afar by a dart slug
  4306 | D:3      | Reached XP level 4. HP: -1/19 MP: 8/8
  4471 | D:5      | Entered Level 5 of the Dungeon
  4504 | D:5      | Noticed a black bear
  4513 | D:5      | Reached XP level 5. HP: 22/22 MP: 9/9
  4587 | D:5      | Killed a black bear
  4784 | D:5      | Noticed a phantom
  4853 | D:5      | Killed a phantom
  4853 | D:5      | Gained mutation: You are covered in thick fur. (AC +2) [Felid growth]
  4853 | D:5      | Reached XP level 6. HP: 10/27 MP: 1/10
  5105 | D:5      | Noticed a sky beast
  5125 | D:5      | Slain by a sky beast

Skill      XL: |  1  2  3  4  5 |
---------------+----------------+-----
Stealth        | 2 3 4 |  4.5
Dodging        | 3 4 |  4.0
Transmutations | 3 4 |  4.2
Fighting       | 2 |  2.4
Unarmed Combat | 4 |  4.3
Spellcasting   | |  2.5

Action                   |  1- 3 |  4- 6 || total
-------------------------+-------+-------++-------
Melee: Unarmed           |    98 |   219 ||   317
       Bite              |    12 |    16 ||    28
       Headbutt          |     6 |     9 ||    15
       Punch             |     1 |     4 ||     5
 Cast: Beastly Appendage |     8 |     9 ||    17
       Sticks to Snakes  |     6 |    10 ||    16
       Spider Form       |       |     8 ||     8
  Use: Scroll            |       |    10 ||    10
 Stab: Sleeping          |     1 |     6 ||     7
  Eat: Chunk             |     8 |    13 ||    21
Armor: Skin              |     9 |    11 ||    20
Dodge: Dodged            |    57 |   200 ||   257
